AoeStats
← The Kombucha Mushroom People

Arabia

509964226Analyzed
1v1 RM · 4d ago on Sep 28, 2026· 43m 27s· 2 players
Game mode
Random Map
Map size
Tiny (2 player)
Population
200
Speed
Normal
Resources
Standard
Victory
Conquest
Starting age
Dark Age
Ending age
Imperial Age
RankedLock teamsTeams togetherTeam positionsShared explorationLock speedFull tech treeHidden civsTurbo modeCheats
Victory
Defeat
🇬🇧 Vietnamese · United Kingdom
1553
+19
🇻🇳 Spanish · Vietnam
1621
-19
kuanhsieubt
4:19 Loom
10:41 Feudal Age
15:49 Castle Age
22:45 Padded Archer Armor
37:41 Fletching
The Kombucha Mushroom People
5:15 Loom
8:38 Feudal Age
9:20 Double-Bit Axe
21:30 Castle Age
26:26 Fletching
33:52 Bodkin Arrow
44:05 Bow Saw
Connection lost

Rejoining the realm…

Still unreachable

The connection could not be restored.

Session expired

The server has moved on; the page needs a fresh start.